 Dungeon Crawl Stone Soup version 0.29-a0-91-gdebf4667c2 (webtiles) character file.

Game seed: 544279715715810254

1477 cyrus the Cleaver (level 9, -2/68 HPs)
             Began as a Formicid Fighter on Feb 8, 2022.
             Was a Priest of Wu Jian.
             Slain by an ogre (5 damage)
             ... on level 5 of the Dungeon on Feb 9, 2022.
             The game lasted 00:19:32 (4977 turns).

cyrus the Cleaver (Formicid Fighter)                Turns: 4977, Time: 00:19:33

Health: -2/68      AC: 25    Str: 21    XL:     9   Next: 6%
Magic:  9/9        EV:  3    Int: 15    God:    Wu Jian [***...]
Gold:   177        SH:  5    Dex: 12    Spells: 8/8 levels left

rFire   + . .      SeeInvis +   h - +0 broad axe
rCold   + . .      Faith    .   c - +0 buckler
rNeg    . . .      Spirit   .   l - +8 orange crystal plate armour {Archmagi, Int+3 Clar}
rPois   .          Reflect  .   (helmet unavailable)
rElec   .          Harm     .   g - scarf {rC+ rF+}
rCorr   .          Rampage  .   (no gloves)
Will    .....      Archmagi +   (no boots)
Stlth   .......... Clarity  +   e - amulet of the acrobat
HPRegen 0.21/turn               (no ring)
MPRegen 0.11/turn               (no ring)

@: no status effects
A: permanent stasis, dig shafts and tunnels, antennae 3, four strong arms,
hooves 1, clever 1, subdued magic 1, noise suppression
a: Dig, Shaft Self, Renounce Religion, Wall Jump, Serpent's Lash


You were on level 5 of the Dungeon.
You worshipped Wu Jian.
Wu Jian was most pleased with you.
You visited 1 branch of the dungeon, and saw 5 of its levels.

You collected 177 gold pieces.

Inventory:

Hand Weapons
 a - a +0 long sword
 h - a +0 broad axe (weapon)
 i - a +0 long sword
Armour
 b - a +0 scale mail
 c - a +0 buckler (worn)
 g - a scarf of resistance (worn)
 l - the +8 orange crystal plate armour (worn) {Archmagi, Int+3 Clar}
   (You found it on level 3 of the Dungeon)

   Int:       It affects your intelligence (+3).
   Clar:      It protects you against confusion.
Jewellery
 e - an amulet of the acrobat (around neck)
Wands
 n - a wand of digging (1)
Scrolls
 f - a scroll of magic mapping
 m - a scroll of blinking
 o - 2 scrolls of torment
 q - a scroll of acquirement {unknown}
 s - a scroll of noise {unknown}
Potions
 d - a potion of brilliance {unknown}
 j - a potion of haste
 k - a potion of berserk rage
 p - 2 potions of lignification {unknown}
 r - a potion of curing {unknown}


   Skills:
 + Level 5.1 Fighting
 + Level 2.2 Long Blades
 + Level 8.1 Axes
 + Level 5.6 Armour
 + Level 1.0 Dodging
 + Level 1.0 Stealth
 + Level 4.9 Shields
 + Level 0.3 Unarmed Combat
 + Level 0.4 Evocations


You had 8 spell levels left.
You didn't know any spells.
Your spell library contained the following spells:

 Spells                   Type           Power      Damage    Failure   Level
 Beastly Appendage        Tmut           0%         N/A       100%        1
 Wereblood                Tmut           0%         N/A       100%        2
 Spider Form              Tmut/Pois      0%         N/A       100%        3


Dungeon Overview and Level Annotations

Branches:
Dungeon (5/15)
 Temple: D:4-7

Altars:
Gozag
Wu Jian

Shops:
D:1 [!!   D:5 =

Annotations:
D:5 1 transporter


Innate Abilities, Weirdness & Mutations

You cannot be hasted, slowed, berserked, paralysed or teleported.
You can dig through walls and to a lower floor.
You have a pair of large antennae on your head. (SInv)
Your four strong arms can wield two-handed weapons with a shield.
You have large cloven feet.
Your mind is acute. (Int +2)
Your spells are a little easier to cast, but a little less powerful.
You passively dampen the noise of your surroundings.


Message History

Robertstho's ghost hits you!
You barely miss robertstho's ghost.
Robertstho's ghost is heavily damaged.
Robertstho's ghost hits you but does no damage.
You slash robertstho's ghost! Your kick misses robertstho's ghost.
Robertstho's ghost is severely damaged.
Robertstho's ghost hits you!
You slash robertstho's ghost!
Robertstho's ghost is almost destroyed.
Robertstho's ghost hits you but does no damage.
Robertstho's ghost barely misses you.
You hit robertstho's ghost.
You destroy robertstho's ghost!
The Council accepts your kill.
Your Fighting skill increases to level 5!
Your Axes skill increases to level 8!
You have reached level 9!
Your experience leads to an increase in your attributes!
Your base attributes are Str 21, Int 8, Dex 12.
Increase (S)trength, (I)ntelligence, or (D)exterity?
You feel clever. x2
You hit the ogre.
The ogre is lightly wounded.
The ogre hits you with the +8 dire flail "Gotusol" {vorpal, Int+4}!
You hit the ogre.
The ogre is moderately wounded.
The ogre hits you with the +8 dire flail "Gotusol" {vorpal, Int+4}!!
* * * LOW HITPOINT WARNING * * *
x2 You completely miss the ogre.
You kick the ogre, but do no damage.
The ogre is moderately wounded.
The ogre barely misses you.
Aiming: Dig
Press: ? - help, Q - select action, (/) - cycle Shift-Dir - straight line You can't see that place. [the floor.] Nothing appears to happen.
You hit the ogre. You kick the ogre, but do no damage.
The ogre is moderately wounded.
The ogre hits you with the +8 dire flail "Gotusol" {vorpal, Int+4}.
You die...

###........#
############..#
###.####.# #####
#..# #.# #.#
########..# #..# #.#
#.# #.....©#..# #..#
#####.# #.#
#..##..#..# #..#
......# #.#
#.#..#.#..####..#
##########.#
#.#..#.#....>...#
#.....#
#..##.$#©....∩#.#
#^#####
#©.@O.:#...##.#.#
#.#
#..##..#©.###.#.#
#.# #.#..#.#..#
#.#.#### #.#
#.#..#.#..# #.#....#
#.# #..##..#..#
#.####.#
##.#######......#..#
#.# #.#
#........########..#
#.# #.# ###
#..#######.##.....##
#.# ##.# ..# #..#
#.##.###.####.# #..#


You could see an ogre.

Vanquished Creatures
  The ghost of robertstho the Archer, an amateur MiHu of Okawaru (D:5)
  A wyvern (D:4)
  Sigmund (D:3)
  Eustachio (D:4)
  2 ice beasts (D:5)
  An ogre (D:4)
  A howler monkey (D:5)
  A gnoll shaman (D:5)
  An iguana (D:4)
  9 orc wizards
  A hound skeleton (D:4)
  Robin (D:3)
  5 gnolls
  3 adders
  A shadow imp (D:5)
  A white imp (D:3)
  2 worms
  7 dart slugs
  9 orcs
  6 bats
  12 endoplasms
  4 giant cockroaches (D:1)
  11 goblins
  12 hobgoblins
  5 jackals
  2 quokkas
  6 ball pythons
  5 frilled lizards
  4 kobolds
  6 rats
122 creatures vanquished.

Vanquished Creatures (others)
  A demonic plant (D:1)
  3 plants (D:1)
  A withered plant (D:1)
5 creatures vanquished.

Grand Total: 127 creatures vanquished

Notes
Turn   | Place    | Note
-------+----------+-------------------------------------------
     0 | D:1      | cyrus the Formicid Fighter began the quest for the Orb.
     0 | D:1      | Reached XP level 1. HP: 18/18 MP: 1/1
    82 | D:1      | Found a faded altar of an unknown god.
   112 | D:1      | Prayed at the altar of an unknown god.
   112 | D:1      | Became a worshipper of the Wu Jian Council
   112 | D:1      | Reached * piety under Wu Jian
   161 | D:1      | Reached XP level 2. HP: 24/24 MP: 2/2
   220 | D:1      | Found Weugaevu's Armour Shop.
   333 | D:1      | Reached XP level 3. HP: 10/29 MP: 3/3
   905 | D:1      | Found Edeych's Distillery.
   980 | D:1      | Reached skill level 1 in Axes
   997 | D:1      | Found Guulasky's Distillery.
  1423 | D:2      | Reached XP level 4. HP: 31/32 MP: 4/4
  1527 | D:2      | Reached ** piety under Wu Jian
  2125 | D:3      | Reached skill level 2 in Axes
  2268 | D:3      | Noticed Sigmund
  2285 | D:3      | Reached XP level 5. HP: 21/41 MP: 5/5
  2304 | D:3      | Gained mutation: Your mind is acute. (Int +2) [potion of
                  | mutation]
  2304 | D:3      | Gained mutation: Your spells are a little easier to cast,
                  | but a little less powerful. [potion of mutation]
  2304 | D:3      | Gained mutation: You passively dampen the noise of your
                  | surroundings. [potion of mutation]
  2304 | D:3      | Gained mutation: You have large cloven feet. [potion of
                  | mutation]
  2315 | D:3      | Killed Sigmund
  2316 | D:3      | Reached skill level 4 in Axes
  2316 | D:3      | Reached XP level 6. HP: 43/48 MP: 6/6
  2323 | D:3      | Noticed Robin
  2339 | D:3      | Killed Robin
  2340 | D:3      | Reached skill level 1 in Dodging
  2707 | D:3      | Found the +8 orange crystal plate armour {Archmagi, Int+3
                  | Clar}
  2785 | D:3      | Reached *** piety under Wu Jian
  3023 | D:4      | Reached skill level 1 in Stealth
  3049 | D:4      | Reached XP level 7. HP: 45/54 MP: 7/7
  3111 | D:4      | Noticed a wyvern
  3120 | D:4      | Killed a wyvern
  3121 | D:4      | Reached skill level 5 in Axes
  3461 | D:4      | Found an opulent altar of Gozag.
  3597 | D:4      | Noticed Eustachio
  3639 | D:4      | Killed Eustachio
  3640 | D:4      | Reached skill level 6 in Axes
  3640 | D:4      | Reached XP level 8. HP: 28/61 MP: 8/8
  3932 | D:5      | Entered Level 5 of the Dungeon
  3984 | D:5      | Reached skill level 5 in Armour
  4109 | D:5      | Found Omenin's Jewellery Emporium.
  4114 | D:5      | Found a transporter.
  4117 | D:5      | Found a transporter.
  4118 | D:5      | Noticed robertstho's ghost (amateur MiHu)
  4119 | D:5      | Identified the +8 dire flail "Gotusol" {vorpal, Int+4}
  4200 | D:5      | Reached skill level 7 in Axes
  4296 | D:5      | Found an ornate altar of the Wu Jian Council.
  4972 | D:5      | Killed robertstho's ghost
  4973 | D:5      | Reached skill level 5 in Fighting
  4973 | D:5      | Reached skill level 8 in Axes
  4973 | D:5      | Reached XP level 9. HP: 40/68 MP: 9/9
  4974 | D:5      | HP: 2/68 [ogre (3)]
  4977 | D:5      | Slain by an ogre

Illustrated notes

Levels and vault maps discovered:
D:1:      zelgadis_glass_arrival_small, layout_basic,
          shapermc_ecumenical_altar_gd, serial_shops, shop_statue, shop,
          nicolae_shop_statue_plus
D:2:      layout_rooms
D:3:      layout_loops_ring, hangedman_feature_mirror, uniq_sigmund, uniq_robin
D:4:      layout_rooms, grunt_gozag_breadcrumbs, uniq_eustachio
D:5:      layout_loops_ring, nicolae_overflow_crystal_walls,
          gammafunk_ghost_smash, serial_shops, shop

Skill      XL: |  1  2  3  4  5  6  7  8 |
---------------+-------------------------+-----
Shields        | 4 |  4.9
Axes           | 1 2 4 6 8 |  8.1
Armour         | 4 5 |  5.6
Fighting       | 4 5 |  5.1
Dodging        | 1 |  1.0
Stealth        | 1 |  1.0
Long Blades    | |  2.2
Unarmed Combat | |  0.3
Evocations     | |  0.4

Action                   |  1- 3 |  4- 6 |  7- 9 || total
-------------------------+-------+-------+-------++-------
Melee: Long sword        |    26 |       |       ||    26
       Broad axe         |    76 |   154 |   145 ||   375
       Unarmed           |       |     5 |       ||     5
       Kick              |       |    13 |    31 ||    44
Invok: Whirlwind         |     8 |    12 |    13 ||    33
       Lunge             |     6 |     6 |     6 ||    18
 Abil: Dig               |     1 |       |       ||     1
Evoke: Wand              |       |     6 |     2 ||     8
  Use: Potion            |     1 |     5 |       ||     6
       Scroll            |       |     5 |     2 ||     7
Armor: Scale mail        |    35 |    73 |       ||   108
       Skin              |       |     1 |       ||     1
       Crystal plate arm |       |    25 |   145 ||   170
Dodge: Dodged            |    54 |    87 |    19 ||   160
Block: Buckler           |    26 |    34 |    44 ||   104

Table legend: (Time is in decaauts)
 A = Elapsed time spent in this place.
 B = Non-inter-level travel time spent in this place.
 C = Inter-level travel time spent in this place.
 D = Time resting spent in this place.
 E = Time spent auto-exploring this place.
 F = Levels seen in this place.
 G = Mean time per level.
                   A        B        C        D        E       F      G
               +--------+--------+--------+--------+--------+-----+--------+
         Total |   5127 |   5098 |     29 |    619 |   2897 |   5 | 1025.4 |
       Dungeon |   5127 |   5098 |     29 |    619 |   2897 |   5 | 1025.4 |
               +--------+--------+--------+--------+--------+-----+--------+

Top non-repeatable levels by time:
     D:1: 1400 daAuts
     D:5: 1067 daAuts
     D:4: 938 daAuts
     D:3: 938 daAuts
     D:2: 782 daAuts
